 Dungeon Crawl Stone Soup version 0.27-a0-909-g0721f309d1 (webtiles) character file.

Game seed: 3984123479822718002

1531 Lanoc the Black Crusader (level 8, -14/51 HPs)
             Began as a Gargoyle Gladiator on Apr 8, 2021.
             Was a Priest of Yredelemnul.
             Hit by a large rock thrown by a cyclops (29 damage)
             ... on level 6 of the Dungeon.
             The game lasted 00:10:18 (6840 turns).

Lanoc the Black Crusader (Gargoyle Gladiator)       Turns: 6840, Time: 00:10:19

Health: -14/51     AC: 12    Str: 19    XL:     8   Next: 85%
Magic:  14/14      EV: 12    Int:  8    God:    Yredelemnul [***...]
Gold:   254        SH:  0    Dex:  9    Spells: 7/7 levels left

rFire    . . .     SeeInvis +   a - +0 war axe
rCold    . . .     Faith    .   (no shield)
rNeg     + + .     Spirit   .   w - +1 leather armour of Daffodils {rN+ rCorr}
rPois    ∞         Reflect  .   c - +0 helmet
rElec    +         Harm     .   (no cloak)
rCorr    +         Rampage  .   (no gloves)
Will     ++...                  y - +1 pair of boots "Cyqunk" {Will+ Dex-4 SInv}
Stlth    +.........             j - amulet of magic regeneration
HPRegen  0.17/turn              p - ring of willpower
MPRegen  0.39/turn              (no ring)

@: no status effects
A: AC +5, negative energy resistance 1, electricity resistance, torment
resistance 1, unbreathing 1, petrification resistance
a: Renounce Religion, Recall Undead Slaves, Injury Mirror, Animate Dead


You were on level 6 of the Dungeon.
You worshipped Yredelemnul.
Yredelemnul was most pleased with you.
You visited 1 branch of the dungeon, and saw 6 of its levels.

You collected 254 gold pieces.

Inventory:

Hand Weapons
 a - a +0 war axe (weapon)
Armour
 c - a +0 helmet (worn)
 w - the +1 leather armour of Daffodils (worn) {rN+ rCorr}
   (You found it on level 4 of the Dungeon)

   It protects you from negative energy.
   It protects you from acid and corrosion.
 y - the +1 pair of boots "Cyqunk" (worn) {Will+ Dex-4 SInv}
   (You found it on level 5 of the Dungeon)

   It affects your dexterity (-4).
   It lets you see invisible.
   It increases your willpower.
Jewellery
 j - an amulet of magic regeneration (around neck)
 p - a ring of willpower (left hand)
Wands
 u - a wand of paralysis (10)
Scrolls
 d - a scroll of amnesia {unknown}
 g - 6 scrolls of noise {unknown}
 k - a scroll of summoning {unknown}
 l - a scroll of blinking {unknown}
 n - 2 scrolls of fear {unknown}
 o - 3 scrolls of teleportation {unknown}
 q - 3 scrolls of identify {unknown}
 s - a scroll of enchant weapon {unknown}
 x - a scroll of fog {unknown}
 z - a scroll of holy word {unknown}
 A - a scroll of immolation {unknown}
Potions
 b - a potion of magic {unknown}
 e - 2 potions of degeneration {unknown}
 f - 2 potions of lignification {unknown}
 h - a potion of might {unknown}
 i - a potion of attraction {unknown}
 m - 2 potions of flight {unknown}
 r - a potion of mutation {unknown}
 t - a potion of curing {unknown}
 v - a potion of cancellation {unknown}


   Skills:
 + Level 6.2 Fighting
 - Level 3.1 Axes
 - Level 1.7 Throwing
 + Level 5.1 Dodging
 * Level 8.0 Invocations


You had 7 spell levels left.
You didn't know any spells.
Your spell library contained the following spells:

 Spells                   Type           Power      Damage    Failure   Level
 Confusing Touch          Hex            0%         N/A       83%         3
 Gell's Gravitas          Tloc           0%         N/A       83%         3
 Petrify                  Tmut/Erth      0%         N/A       99%         4
 Metabolic Englaciation   Hex/Ice        0%         N/A       100%        5
 Yara's Violent Unravell  Hex/Tmut       0%         3d3       100%        5


Dungeon Overview and Level Annotations

Branches:
Dungeon (6/15)
 Temple: D:4-7

Altars:
Yredelemnul


Innate Abilities, Weirdness & Mutations

Your stone body is resilient. (AC +5)
You are immune to poison.
You resist negative energy. (rN+)
You are resistant to electric shocks. (rElec)
You are resistant to unholy torment.
You can survive without breathing.
You are immune to petrification.


Message History

A - a scroll labelled HUXEGH XEUR
There is an open door here.
There is a stone staircase leading up here.
You see here a +0 falchion.
There is a stone staircase leading down here.
You now have 246 gold pieces (gained 15).
You now have 254 gold pieces (gained 8).
Done exploring.
There is a stone staircase leading down here.
You climb downwards.
There is a stone staircase leading up here.
A cyclops comes into view.
An ogre comes into view. It is wielding a +0 giant club.
The ogre shouts!
Found a stone staircase leading down.
The cyclops throws a large rock.
The large rock hits you!!!
Ouch! That really hurt!
* * * LOW HITPOINT WARNING * * *
There is a stone staircase leading up here.
You climb upwards.
There is a stone staircase leading down here.
You see here a +0 falchion.
There is a stone staircase leading down, spattered with blood here.
You see here a +0 halberd.
Okay, then.
You don't know any spells.
You start resting.
HP restored.
You climb downwards.
There is a stone staircase leading up here.
There is a stone staircase leading up here.
Found a ring mail.
The cyclops shouts!
The cyclops throws a large rock.
The large rock hits you!!!
Ouch! That really hurt!
* * * LOW HITPOINT WARNING * * *
The cyclops throws a large rock.
The large rock hits you!!
Ouch! That really hurt!
You die...
Your body rises from the dead as a mindless zombie.

####### .......
#########
......C.##.....@.##
......>[C..#####..##
O.......##.#.......#
....... #.#.#####.#
#....... #.#.#####.#
...C........#.....#.#
#.###.####..#####.#.#
.# #### #..#.# .#
##.##.#


You could see a cyclops.

Vanquished Creatures
  A water moccasin (D:4)
  A sky beast (D:5)
  2 black bears (D:5)
  A necrophage (D:5)
  2 ogres (D:4)
  A centaur (D:4)
  A phantom (D:5)
  2 bullfrogs (D:6)
  A scorpion (D:4)
  A water moccasin skeleton (D:5)
  A bullfrog zombie (D:4)
  A centaur zombie (D:5)
  2 gnoll shamans
  A jelly (D:4)
  An orc priest (D:6)
  A hound (D:5)
  A bullfrog skeleton (D:5)
  A hound zombie (D:5)
  A hound skeleton (D:4)
  A howler monkey zombie (D:5)
  9 gnolls
  5 adders
  A shadow imp (D:6)
  A white imp (D:5)
  An adder skeleton (D:4)
  2 worms (D:4)
  A dart slug (D:4)
  4 orcs
  4 bats
  3 endoplasms
  8 giant cockroaches
  6 goblins
  12 hobgoblins
  6 jackals
  6 kobolds
  3 quokkas
  6 ball pythons
  2 frilled lizards
  3 rats
107 creatures vanquished.

Notes
Turn   | Place    | Note
-------+----------+-------------------------------------------
     0 | D:1      | Lanoc the Gargoyle Gladiator began the quest for the Orb.
     0 | D:1      | Reached XP level 1. HP: 12/12 MP: 1/1
   560 | D:1      | Reached XP level 2. HP: 16/18 MP: 2/2
   672 | D:1      | Found a faded altar of an unknown god.
   683 | D:1      | Became a worshipper of Yredelemnul the Dark
   683 | D:1      | Reached * piety under Yredelemnul
   861 | D:1      | Reached skill level 1 in Invocations
   861 | D:1      | Reached XP level 3. HP: 17/22 MP: 3/3
  1486 | D:2      | Reached XP level 4. HP: 27/27 MP: 5/5
  1528 | D:2      | Reached skill level 2 in Invocations
  1632 | D:2      | Reached ** piety under Yredelemnul
  2183 | D:4      | Noticed a scorpion
  2603 | D:2      | Reached XP level 5. HP: 12/32 MP: 5/7
  2818 | D:3      | Reached skill level 3 in Invocations
  3526 | D:4      | Reached XP level 6. HP: 32/38 MP: 8/8
  3685 | D:4      | Reached skill level 4 in Invocations
  4015 | D:4      | Identified the +1 leather armour of Daffodils {rN+ rCorr}
  4225 | D:4      | Reached XP level 7. HP: 42/44 MP: 10/10
  4330 | D:4      | Reached skill level 5 in Invocations
  4680 | D:5      | Entered Level 5 of the Dungeon
  4756 | D:5      | You fall into a shaft and drop 1 floor!
  4767 | D:6      | Reached *** piety under Yredelemnul
  4965 | D:4      | Reached skill level 5 in Fighting
  4965 | D:4      | Reached skill level 6 in Invocations
  5483 | D:4      | Reached XP level 8. HP: 49/49 MP: 12/12
  5926 | D:5      | Reached skill level 7 in Invocations
  6194 | D:5      | Identified the +1 pair of boots "Cyqunk" {Will+ Dex-4 SInv}
  6278 | D:5      | Reached skill level 5 in Dodging
  6392 | D:5      | Reached skill level 8 in Invocations
  6575 | D:6      | Noticed a cyclops
  6840 | D:6      | Hit by a large rock thrown by a cyclops

Illustrated notes

Levels and vault maps discovered:
D:1:      elethiomel_arrival_shortcut, layout_rooms, basic_ecumenical_altar,
          minmay_misc_feat_x
D:2:      layout_loops_ring, minmay_worlds_worst_comb
D:3:      layout_loops_cross
D:4:      cheibrodos_barr_body, layout_loops_ring
D:5:      kennysheep_six_static_rooms, layout_loops_ring
D:6:      layout_rooms, serial_co_window_serial, co_window_corner_a,
          co_window_of_opportunity_a, co_window_of_opportunity_a,
          co_window_paths_a, co_window_paths_a, co_window_broadway_b,
          co_window_of_opportunity_b, co_window_2corner, co_window_cross_4,
          co_window_unsneaky_path_a, glass_columns_b

Skill      XL: |  1  2  3  4  5  6  7  8 |
---------------+-------------------------+-----
Axes           | 3 |  3.1
Invocations    | 1 2 3 4 6 8 |  8.0
Fighting       | 3 4 5 6 |  6.2
Dodging        | 3 4 5 |  5.1
Throwing       | |  1.7

Action                   |  1- 3 |  4- 6 |  7- 9 || total
-------------------------+-------+-------+-------++-------
Melee: War axe           |    92 |   136 |   204 ||   432
Throw: Throwing net      |     1 |     6 |     2 ||     9
 Stab: Held in net/web   |     1 |       |     1 ||     2
Armor: Leather armour    |    35 |    60 |   117 ||   212
Dodge: Dodged            |    65 |    99 |   158 ||   322

Table legend: (Time is in decaauts)
 A = Elapsed time spent in this place.
 B = Non-inter-level travel time spent in this place.
 C = Inter-level travel time spent in this place.
 D = Time resting spent in this place.
 E = Time spent auto-exploring this place.
 F = Levels seen in this place.
 G = Mean time per level.
                   A        B        C        D        E       F      G
               +--------+--------+--------+--------+--------+-----+--------+
         Total |   6997 |   6770 |    227 |    773 |   4733 |   6 | 1166.2 |
       Dungeon |   6997 |   6770 |    227 |    773 |   4733 |   6 | 1166.2 |
               +--------+--------+--------+--------+--------+-----+--------+

Top non-repeatable levels by time:
     D:4: 1505 daAuts
     D:3: 1486 daAuts
     D:5: 1432 daAuts
     D:1: 1183 daAuts
     D:2: 1159 daAuts
     D:6: 230 daAuts
